 Dungeon Crawl Stone Soup version 0.18-b1-23-gf76aad1 (webtiles) character file.

130 Gingerlord the Skirmisher (level 5, 0/43 HPs)
             Began as a Formicid Abyssal Knight on May 5, 2016.
             Was a Believer of Lugonu.
             Succumbed to an adder's poison
             ... on level 3 of the Dungeon.
             The game lasted 00:04:57 (1684 turns).

Gingerlord the Skirmisher (Formicid Abyssal Knight) Turns: 1684, Time: 00:04:57

Health: 0/43       AC:  5    Str: 21    XL:     5   Next: 36%
Magic:  6/6        EV: 17    Int: 12    God:    Lugonu [**....]
Gold:   118        SH:  0    Dex: 16    Spells: 0 memorised, 4 levels left

rFire  . . .     SeeInvis +     a - +1 spear
rCold  . . .     Gourm    .     p - +0 ring mail
rNeg   . . .     Faith    .     (no shield)
rPois  .         Spirit   .     (helmet unavailable)
rElec  .         Dismiss  .     (no cloak)
rCorr  .         Reflect  .     (no gloves)
SustAt .         Harm     .     (no boots)
MR     .....                    (no amulet)
Stlth  ++........               (no ring)
                                (no ring)

@: mighty, agile, lethally poisoned (0 -> -7), flying, not resistant to hostile
enchantments, unstealthy
A: permanent stasis, dig shafts and tunnels, four strong arms, antennae 3
a: Dig, Shaft Self, Depart the Abyss, Bend Space, Renounce Religion


You were on level 3 of the Dungeon.
You worshipped Lugonu.
Lugonu was pleased with you.
You were hungry.

You visited 1 branch of the dungeon, and saw 4 of its levels.
You visited the Abyss 1 time.

You collected 118 gold pieces.

Inventory:

Hand Weapons
 a - a +1 spear (weapon)
Armour
 p - a +0 ring mail (worn)
 t - a +0 chain mail
Jewellery
 q - an uncursed ring of see invisible {unknown}
Scrolls
 b - a scroll of blinking {unknown}
 i - a scroll of magic mapping {unknown}
 j - a scroll of noise {unknown}
 k - a scroll of fear {unknown}
 l - a scroll of enchant armour {unknown}
 m - 2 scrolls of teleportation {unknown}
 n - a scroll of identify {unknown}
 s - a scroll of random uselessness {unknown}
Potions
 v - a potion of brilliance {unknown}
Comestibles
 c - 2 bread rations
 f - a royal jelly
 g - 2 meat rations
 h - a slice of pizza


   Skills:
 * Level 4.5 Fighting
 * Level 3.0 Polearms
 + Level 2.9 Armour
 + Level 2.0 Dodging
 + Level 2.4 Invocations


You had 4 spell levels left.
You didn't know any spells.

Dungeon Overview and Level Annotations

Branches:
Dungeon (4/15)
 Temple: D:4-7

Altars:


Innate Abilities, Weirdness & Mutations

You are under a permanent stasis effect.
You can dig through walls and to a lower floor.
Your four strong arms can wield two-handed weapons with a shield.
You have a pair of large antennae on your head (SInv).


Message History

* * * LOW HITPOINT WARNING * * *
You feel sick. The worker ant misses you. The worker ant barely misses you.
You climb upwards.
* * * LOW HITPOINT WARNING * * *
You feel sick. The gnoll hits you but does no damage.
There is a stone staircase leading down here.
Unknown command.
Drink which item? (? for menu, Esc to quit)
It was a potion of might.
You feel very mighty all of a sudden.
* * * LOW HITPOINT WARNING * * *
You feel sick. The gnoll closely misses you. The worker ant misses you.
The worker ant bites you.
* * * LOW HITPOINT WARNING * * *
Unknown command.
Drink which item? (? for menu, Esc to quit)
It was a potion of flight.
You feel very buoyant.
You fly up into the air.
You die...

####### ##..... #.....#
....... #.....# #..?...
#.....# ....... #.....#
....... #.....#
.......####.....########
#.....a.a..............#
......g@###.....######[#
..#<###.# ####### #.#
#g# #.# .g. #######.#
..... ........# #......
........# #.......
........# #.......#
........# #.......#
.........


You could see 2 worker ants and 3 gnolls.

Vanquished Creatures
  2 hounds (D:4)
  A gnoll (D:4)
  3 adders
  An ooze (D:2)
  A dart slug (D:2)
  2 giant cockroaches (D:1)
  6 goblins
  3 hobgoblins (D:1)
  A ball python (D:1)
  5 bats
  4 giant newts (D:1)
  3 kobolds
  2 rats (D:1)
34 creatures vanquished.

Notes
Turn   | Place    | Note
--------------------------------------------------------------
     0 | Abyss:1  | Gingerlord the Formicid Abyssal Knight began the quest for the Orb.
     0 | Abyss:1  | Reached XP level 1. HP: 18/18 MP: 2/2
    13 | D:1      | Escaped the Abyss
   116 | D:1      | Reached XP level 2. HP: 24/24 MP: 3/3
   383 | D:1      | Reached ** piety under Lugonu
   383 | D:1      | Reached skill level 1 in Dodging
   594 | D:2      | Reached XP level 3. HP: 30/30 MP: 4/4
  1270 | D:2      | Reached skill level 4 in Fighting
  1358 | D:3      | Reached XP level 4. HP: 35/37 MP: 5/5
  1664 | D:4      | Reached XP level 5. HP: 36/43 MP: 6/6
  1683 | D:3      | HP: 1/43 [worker ant (2)]
  1684 | D:3      | Succumbed to an adder's poison

Skill      XL: |  1  2  3  4  5 |
---------------+----------------+-----
Dodging        | 1 2 |  2.0
Fighting       | 4 |  4.5
Polearms       | 3 |  3.0
Armour         | |  2.9
Invocations    | |  2.4

Action                   |  1- 3 |  4- 6 || total
-------------------------+-------+-------++-------
Melee: Spear             |   123 |    46 ||   169
  Use: Potion            |       |     4 ||     4
  Eat: Chunk             |     1 |     1 ||     2
Armor: Leather armour    |    30 |       ||    30
       Ring mail         |    15 |    22 ||    37
Dodge: Dodged            |    65 |    51 ||   116
